 Dungeon Crawl Stone Soup version 0.23-a0-448-g1c01f63 (webtiles) character file.

603 Lavandula the Gusty (level 7, -1/55 HPs)
             Began as a Naga Air Elementalist on Nov 20, 2018.
             Slain by Pikel
             ... wielding a +1 whip of freezing
              (3 damage)
             ... on level 5 of the Dungeon.
             The game lasted 00:08:11 (1730 turns).

Lavandula the Gusty (Naga Air Elementalist)         Turns: 1730, Time: 00:08:12

Health: -1/55      AC:  3    Str: 10    XL:     7   Next: 42%
Magic:  9/12       EV: 10    Int: 17    God:
Gold:   122        SH:  0    Dex: 12    Spells: 4/12 levels left

rFire    . . .     SeeInvis +   g - +0 dagger
rCold    . . .     Gourm    .   (no shield)
rNeg     . . .     Faith    +   a - +0 robe
rPois    +         Spirit   .   (no helmet)
rElec    .         Reflect  .   (no cloak)
rCorr    +         Harm     .   (no gloves)
MR       .....                  (no barding)
Stlth    ++........             d - amulet of faith
HPRegen  0.18/turn              q - ring of resist corrosion
MPRegen  0.13/turn              (no ring)

@: very slow
A: large, see invisible, deformed body, poison resistance, slowness 2, slow
metabolism 1, spit poison 1, AC +2
a: Spit Poison


You were on level 5 of the Dungeon.
You were not hungry.

You visited 1 branch of the dungeon, and saw 5 of its levels.

You collected 122 gold pieces.

Inventory:

Hand Weapons
 g - a +0 dagger (weapon)
Armour
 a - a +0 robe (worn)
 n - a +1 chain mail of cold resistance
Jewellery
 d - an amulet of faith (around neck)
 q - a ring of resist corrosion (left hand)
Wands
 m - a wand of enslavement (4)
Scrolls
 e - a scroll of blinking {unknown}
 f - 4 scrolls of teleportation {unknown}
 i - 2 scrolls of amnesia {unknown}
 j - 2 scrolls of remove curse {unknown}
 k - a scroll of fear {unknown}
 l - 2 scrolls of enchant armour {unknown}
 o - a scroll of noise {unknown}
 p - 2 scrolls of identify {unknown}
 s - a scroll of magic mapping {unknown}
 u - a scroll of immolation {unknown}
Potions
 b - a potion of cancellation {unknown}
 h - 2 potions of curing
 r - a potion of might {unknown}
 t - a potion of lignification {unknown}
Comestibles
 c - 4 rations
 v - a chunk of flesh


   Skills:
 - Level 1.5 Dodging
 - Level 3.0 Stealth
 + Level 3.3 Spellcasting
 - Level 1.0 Conjurations
 - Level 7.8 Air Magic


You had 4 spell levels left.
You knew the following spells:

 Your Spells              Type           Power        Failure   Level  Hunger
a - Shock                 Conj/Air       ###.         2%          1    None
b - Static Discharge      Conj/Air       ###.....     9%          3    ###....
c - Airstrike             Air            ####......   7%          4    ####...

Your spell library contained the following spells:

 Spells                   Type           Power        Failure   Level  Hunger
 Swiftness                Chrm/Air       ###.....     5%          2    ##.....
 Lightning Bolt           Conj/Air       ###.......   61%         5    ######.


Dungeon Overview and Level Annotations

Branches:
Dungeon (5/15)
 Temple: D:4-7

Altars:

Annotations:
D:5 Pikel


Innate Abilities, Weirdness & Mutations

You cannot wear boots.
Your serpentine skin is tough. (AC +2)
You have supernaturally acute eyesight. (SInv)
Armour fits poorly on your strangely shaped body.
Your system is resistant to poisons. (rPois)
You cover ground very slowly.
You have a slow metabolism.
You can spit poison.


Message History

Pikel freezes you.
* * * LOW HITPOINT WARNING * * *
Unknown command.
Level annotation: Pikel Welcome back, Lavandula the Naga Air Elementalist.
Press ? for a list of commands and other information.
Unknown command.
Unknown command.
Unknown command.
Okay, then.
Okay, then.
Evoke which item? (* to show all) (? for menu, Esc to quit)
Aiming: Enslavement
Press: ? - help, Shift-Dir - straight line, f - Pikel
Aim: Pikel, wielding a +1 whip of freezing and wearing a +0 robe (lightly Pikel resists with some effort.
Pikel hits you with a +1 whip of freezing!
* * * LOW HITPOINT WARNING * * *
Pikel freezes you.
You die...

.. ## ...##.# ..p#..^#####
...........## ##.#........#
#.#.K.#)#.## ###
##.....#K######.###
.......pp@.##.....#
........p..#.....##
..................#
#................##
................#########
.(.........#.."..#......#
##...#......##...........#
##...###..................##
..###)....###........#........##


You could see Pikel and 3 slaves.

Vanquished Creatures
  A slave (D:4)
  A centaur (D:5)
  An ogre (D:5)
  A scorpion (D:4)
  A hound (D:4)
  3 orc priests (D:4)
  2 bullfrog skeletons (D:4)
  An orc wizard (D:4)
  Terence (D:3)
  Natasha (D:3)
  A worker ant (D:4)
  A hound zombie (D:5)
  6 adders
  A leopard gecko (D:4)
  5 orcs (D:4)
  A bat (D:1)
  3 giant cockroaches
  5 goblins
  4 hobgoblins (D:1)
  A quokka (D:4)
  A ball python (D:3)
  2 frilled lizards (D:4)
  4 kobolds
  A leopard gecko zombie (D:5)
  A quokka zombie (D:5)
  5 rats
55 creatures vanquished.

Notes
Turn   | Place    | Note
-------+----------+-------------------------------------------
     0 | D:1      | Lavandula the Naga Air Elementalist began the quest for the
                  | Orb.
     0 | D:1      | Reached XP level 1. HP: 15/15 MP: 3/3
   111 | D:1      | Reached XP level 2. HP: 22/22 MP: 3/5
   279 | D:2      | Reached XP level 3. HP: 20/28 MP: 3/6
   284 | D:2      | Learned a level 3 spell: Static Discharge
   496 | D:3      | Reached skill level 4 in Air Magic
   513 | D:4      | Reached XP level 4. HP: 15/36 MP: 7/7
   590 | D:3      | Noticed Terence
   616 | D:3      | Killed Terence
   616 | D:3      | Reached skill level 5 in Air Magic
   639 | D:3      | Noticed Natasha
   642 | D:3      | Killed Natasha
   642 | D:3      | Reached XP level 5. HP: 26/42 MP: 1/8
   948 | D:4      | Reached skill level 6 in Air Magic
   966 | D:4      | Reached XP level 6. HP: 49/49 MP: 5/9
   972 | D:4      | Learned a level 4 spell: Airstrike
  1030 | D:5      | Entered Level 5 of the Dungeon
  1030 | D:5      | Noticed Pikel
  1030 | D:5      | Noticed a slave
  1030 | D:5      | Noticed a slave
  1030 | D:5      | Noticed a slave
  1030 | D:5      | Noticed a slave
  1045 | D:4      | Killed a slave
  1229 | D:4      | Reached skill level 7 in Air Magic
  1595 | D:5      | Reached XP level 7. HP: 22/55 MP: 5/10
  1730 | D:5      | HP: 2/55 [Pikel/+1 whip of freezing (8)]
  1730 | D:5      | Slain by Pikel

Vault maps used:
D:1:      minmay_arrival_open_corners
D:2:      first_ration, minmay_misc_feat_room
D:3:      uniq_ijyb, uniq_jessica, uniq_terence, uniq_natasha
D:5:      minmay_manual_mullet, uniq_pikel

Skill      XL: |  1  2  3  4  5  6  7 |
---------------+----------------------+-----
Air Magic      | 4 5 6 7 |  7.8
Spellcasting   | 3 |  3.3
Dodging        | |  1.5
Stealth        | |  3.0
Conjurations   | |  1.0

Action                   |  1- 3 |  4- 6 |  7- 9 || total
-------------------------+-------+-------+-------++-------
Melee: Unarmed           |     1 |       |       ||     1
       Dagger            |    17 |    44 |     7 ||    68
 Cast: Shock             |    15 |    67 |    14 ||    96
 Abil: Spit Poison       |    12 |    27 |     3 ||    42
Evoke: Wand              |       |       |     1 ||     1
  Use: Potion            |       |       |     1 ||     1
 Stab: Sleeping          |     3 |       |       ||     3
  Eat: Chunk             |       |     4 |     1 ||     5
Armor: Robe              |     1 |    12 |     4 ||    17
Dodge: Dodged            |    13 |    38 |    10 ||    61

Table legend:
 A = Non-vault XP
 B = Vault XP
 C = Vault XP percentage of total XP
 D = Non-vault monster count
 E = Vault monster count
 F = Vault count percentage of total count
                 A         B        C        D         E       F
            +---------+---------+-------+---------+---------+-------
      Total |     791 |      71 |   8.2 |      52 |       2 |   3.7
            +---------+---------+-------+---------+---------+-------
        D:1 |      23 |       0 |   0.0 |      13 |       0 |   0.0
        D:2 |      19 |       0 |   0.0 |       5 |       0 |   0.0
        D:3 |      21 |      71 |  77.2 |       6 |       2 |  25.0
        D:4 |     467 |       0 |   0.0 |      23 |       0 |   0.0
        D:5 |     261 |       0 |   0.0 |       5 |       0 |   0.0
            +---------+---------+-------+---------+---------+-------
